 Dungeon Crawl Stone Soup version 0.31.0-11-ge490571c62 (webtiles) character file.

Game seed: 7981536447060574204

87900 qw the Spry (level 15, -5/77 HPs)
             Began as a Spriggan Hunter on Feb 3, 2024.
             Was the Champion of Okawaru.
             Engulfed by a cloud of flame (39 damage)
             ... on level 15 of the Dungeon.
             The game lasted 00:08:57 (16799 turns).

qw the Spry (Spriggan Hunter)                      Turns: 16799, Time: 00:08:57

Health: -5/77      AC:  6    Str:  7    XL:     15   Next: 16%
Magic:  23/23      EV: 50    Int: 11    God:    Okawaru [******]
Gold:   1210       SH:  0    Dex: 30    Spells: 14/14 levels left

rFire   x . .        r - +9 arbalest of Discord {heavy, rElec rF- rN+ Dex+4}
rCold   . . .        (shield currently unavailable)
rNeg    + . .        g - +1 robe of Vines {NoPotionHeal Regen++++}
rPois   +            (helmet restricted)
rElec   +            e - +2 cloak
rCorr   .            (gloves unavailable)
SInv    +            (boots unavailable)
Will    ++...        c - amulet of faith
Stlth   +++          w - +5 ring of evasion
HPRegen 3.52/turn    i - ring of poison resistance
MPRegen 0.18/turn

%: faith
@: very quick
A: very small, no large weapons, unfitting armour, see invisible, speed 3
a: Renounce Religion, Heroism, Finesse, Duel


You were on level 15 of the Dungeon.
You worshipped Okawaru.
Okawaru was exalted by your worship.
You visited 2 branches of the dungeon, and saw 20 of its levels.

You collected 1352 gold pieces.
You spent 142 gold pieces at shops.


Innate Abilities, Weirdness & Mutations

You are very small and have problems with some larger weapons.
You are too small for most types of armour.
You have supernaturally acute eyesight. (SInv)
You cover ground extremely quickly. (Speed+++)


   Skills:
 - Level 8.0 Fighting
 - Level 18.0 Ranged Weapons
 - Level 2.0 Armour
 + Level 20.0 Dodging
 - Level 1.5 Stealth
 - Level 10.0 Invocations


You had 14 spell levels left.
You didn't know any spells.
Your spell library was empty.

Inventory:

Hand Weapons
 r - the +9 arbalest of Discord (weapon) {heavy, rElec rF- rN+ Dex+4}
   (Okawaru gifted it to you on level 5 of the Lair of Beasts)

   Dex+4:     It affects your dexterity (+4).
   rF-:       It makes you vulnerable to fire.
   rElec:     It insulates you from electricity.
   rN+:       It protects you from negative energy.
Armour
 e - a +2 cloak (worn)
 g - the +1 robe of Vines (worn) {NoPotionHeal Regen++++}
   (Okawaru gifted it to you on level 5 of the Lair of Beasts)

   NoPotionHeal: Its wearer cannot be healed by potions.
   Regen++++: It increases your rate of health regeneration.
Jewellery
 c - an amulet of faith (around neck)
 i - a ring of poison resistance (right hand)
 o - an amulet of reflection
 w - a +5 ring of evasion (left hand)
 Y - a +4 ring of slaying {mikee}
Wands
 a - a wand of digging (4)
 b - a wand of mindburst (7)
 h - a wand of quicksilver (12)
 l - a wand of polymorph (19)
 q - a wand of roots (8)
 z - a wand of paralysis (2)
Scrolls
 n - 13 scrolls of teleportation
 p - 4 scrolls of identify
 x - 2 scrolls of enchant armour
Potions
 d - 7 potions of curing
 f - 3 potions of mutation
 j - 4 potions of might
 k - 3 potions of heal wounds
 m - 3 potions of resistance
 u - 2 potions of enlightenment

Dungeon Overview and Level Annotations

Branches:
Dungeon (15/15)            Temple (0/1) D:6            Lair (5/5) D:10
 Shoals (0/4) Lair:2       Spider (0/4) Lair:3        Slime (0/5) Lair:5
    Orc (0/2) D:11         Vaults (0/5) D:13
 Depths: D:15

Altars:
Dithmenos
Fedhas
Hepliaklqana
Okawaru
Qazlal
Sif Muna
Vehumet
Yredelemnul
The Shining One
Jiyva

Shops:
D:3 =   D:5 [

Portals:
Sewer: D:4

Annotations:
D:7 1 transporter, qw's ghost, amateur SpHu


Message History

Something appears at your feet!
The skeletal warrior completely misses you.
Your Fighting skill increases to level 8!
You shoot a bolt. The bolt hits the skeletal warrior!!
The skeletal warrior is heavily damaged.
The skeletal warrior completely misses you.
You shoot a bolt. The bolt hits the skeletal warrior!!
The skeletal warrior is almost destroyed.
The skeletal warrior completely misses you. x2
You shoot a bolt. The bolt hits the skeletal warrior!!
You destroy the skeletal warrior!
Okawaru accepts your kill.
You now have 1210 gold pieces (gained 19).
Things that are here:
a +0 battleaxe; a +0 short sword; a +0 trident
Found a radiant altar of Vehumet.
You see here a +0 long sword.
Found a stone staircase leading up.
Enter note:
16787 ||| DROPPING scarf of invisibility.
You drop a scarf of invisibility.
What level of the Dungeon? (default 14, ? - help)
Enter note:
Enter note:
Enter note:
Enter note:
Enter note: What level of the Dungeon? (default 14, ? - help) Sorry, I don't know how to get there.
Enter note:
Enter note:
Enter note:
Enter note: You are engulfed in blazing flames.
You're standing in a cloud of flame!
You are engulfed in blazing flames.
You're standing in a cloud of flame!
You are engulfed in blazing flames.
Ouch! That really hurt!
You die...

####. .....
...... ......
#####
.....##.......
..<..........
##..0.........
#....00......
#..._........
#.00.....#
#....@...#
#........#
#[#...#..#
#.#...#..#
#........#
#####)...#
#....#
#.#####....##
#...........#


There were no monsters in sight!

Vanquished Creatures
  Kirke (Lair:4)
  An ironbound preserver (D:13)
  A dire elephant (Lair:5)
  A fire dragon (Lair:5)
  Snorg (Lair:4)
  Josephine (Lair:4)
  Fannar (Lair:3)
  11 hydras
  3 catoblepae
  5 centaur warriors
  8 two-headed ogres
  A boulder beetle (Lair:4)
  2 tengu warriors
  4 death yaks (Lair:5)
  4 skeletal warriors (D:15)
  2 arcanists
  An orb spider (Lair:3)
  A lindwurm (Lair:5)
  A swamp dragon (Lair:5)
  6 deep elf pyromancers
  An ugly thing (D:10)
  An orc knight (D:11)
  Maurice (D:11)
  6 manticores
  3 cyclopes
  Joseph (D:7)
  5 large abominations (D:11)
  A meliai (D:10)
  An elephant (D:10)
  7 black mambas
  4 gargoyles
  11 cane toads
  Jeremiah (D:6)
  An unseen horror (D:11)
  Maggie (D:6)
  4 rime drakes (Lair:5)
  15 komodo dragons
  A freezing wraith (D:14)
  A polar bear (Lair:5)
  3 trolls
  A troll (shapeshifter) (D:10)
  10 blink frogs
  Grinder (D:6)
  3 slime creatures (D:13)
  2 wyverns
  2 shadows
  53 yaks
  7 wraiths
  2 hogs (Lair:4)
  12 basilisks
  2 humans (Lair:4)
  A steam dragon (D:8)
  8 vampire mosquitoes
  Menkaure (D:6)
  5 acid dragons
  12 water moccasins
  7 orc warriors
  3 swamp drakes (Lair:5)
  2 ice beasts
  A sky beast (D:7)
  21 wolves
  An ogre (D:5)
  4 centaurs
  3 phantoms
  3 kobold brigands
  13 bullfrogs
  3 gnoll sergeants
  3 scorpions
  7 small abominations (D:11)
  7 wights
  16 killer bees
  6 howler monkeys
  3 hounds
  7 orc priests
  3 jellies
  A gnoll bouda (D:9)
  10 iguanas
  9 orc wizards
  7 hell rats (Lair:3)
  14 gnolls
  7 adders
  A shadow imp (D:7)
  6 dart slugs
  3 ribbon worms
  48 orcs
  5 bats
  5 endoplasms
  2 giant cockroaches (D:4)
  14 goblins
  10 hobgoblins
  2 jackals (D:1)
  5 quokkas
  8 ball pythons
  3 frilled lizards
  21 kobolds
  8 rats
549 creatures vanquished.

Vanquished Creatures (others)
  An orc (D:8)
1 creature vanquished.

Grand Total: 550 creatures vanquished

Notes
Turn   | Place    | Note
-------+----------+-------------------------------------------
     0 | D:1      | qw the Spriggan Hunter began the quest for the Orb.
     0 | D:1      | Reached XP level 1. HP: 10/10 MP: 2/2
     0 | D:1      | 0 ||| qw: Version: 0.3-a-155-g5e7d8dd
     0 | D:1      | 0 ||| qw: Game counter: 3236
     0 | D:1      | 0 ||| qw: Melee chars always use a shield: true
     0 | D:1      | 0 ||| qw: God list: Okawaru
     0 | D:1      | 0 ||| qw: Allow faded altars: false
     0 | D:1      | 0 ||| qw: Do Orc after clearing Dungeon:15 true
     0 | D:1      | 0 ||| qw: Do second Lair branch before Depths: true
     0 | D:1      | 0 ||| qw: Lair rune preference: random
     0 | D:1      | 0 ||| qw: Goals: Normal
     0 | D:1      | 0 ||| PLANNING D:1-11
   206 | D:1      | Reached skill level 3 in Dodging
   387 | D:1      | Reached XP level 2. HP: 14/14 MP: 3/3
   496 | D:1      | Reached skill level 4 in Dodging
   537 | D:1      | 537 ||| DROPPING +2 sling of flaming.
   809 | D:1      | 809 ||| UPGRADING to +0 cloak.
   814 | D:1      | 814 ||| READING 2 scrolls labelled JOXIKKE MUTULO.
   814 | D:1      | 814 ||| IDENTIFYING sedimented black potion
   815 | D:1      | 815 ||| READING scroll of identify.
   815 | D:1      | 815 ||| IDENTIFYING scroll labelled IJIETR UZIOCAWKO
   816 | D:1      | 816 ||| READING 3 scrolls labelled JOSAKO INUMED.
   817 | D:1      | 817 ||| READING 3 scrolls labelled DEAFIRH HUEPHO.
   817 | D:1      | 817 ||| ENCHANTING +0 cloak.
   818 | D:1      | 818 ||| READING 2 scrolls of enchant armour.
   818 | D:1      | 818 ||| ENCHANTING +1 cloak.
   819 | D:1      | 819 ||| DROPPING scroll of butterflies.
   820 | D:1      | 820 ||| DROPPING 2 scrolls of amnesia.
   821 | D:1      | 821 ||| DROPPING scroll of blinking.
   917 | D:2      | Reached XP level 3. HP: 18/18 MP: 4/4
  1263 | D:2      | Reached XP level 4. HP: 12/22 MP: 5/5
  1326 | D:2      | 1326 ||| UPGRADING to +4 ring of slaying {mikee}.
  1327 | D:2      | 1327 ||| READING scroll of identify.
  1327 | D:2      | 1327 ||| IDENTIFYING scroll labelled MAREBR ULYMPIJ
  1328 | D:2      | 1328 ||| DROPPING scroll of fear.
  1512 | D:3      | Found Retar's Jewellery Emporium.
  1517 | D:3      | 1517 ||| SHOPLISTING +4 ring of protection (360 gold, have
                  | 80).
  1517 | D:3      | 1517 ||| SHOPLISTING +6 ring of strength (360 gold, have
                  | 80).
  1517 | D:3      | 1517 ||| SHOPLISTING ring of fire (250 gold, have 80).
  1517 | D:3      | 1517 ||| SHOPLISTING ring of protection from cold (250
                  | gold, have 80).
  1691 | D:3      | Found a shimmering blue altar of Sif Muna.
  1703 | D:3      | Reached skill level 5 in Dodging
  1949 | D:3      | 1949 ||| READING scroll labelled JUPPEO QAIWIA.
  1949 | D:3      | Identified a scroll of acquirement
  1949 | D:3      | 1949 ||| ACQUIRING +1 orcbow of flaming
  1949 | D:3      | Acquired a +1 orcbow of flaming
  1951 | D:3      | 1951 ||| SWAPPING to +1 orcbow of flaming.
  1952 | D:3      | 1952 ||| DROPPING +0 shortbow.
  1958 | D:4      | 1958 ||| PLANNING SEWER
  2081 | D:4      | Reached XP level 5. HP: 26/26 MP: 6/6
  2205 | D:4      | Noticed a phantom
  2218 | D:4      | Killed a phantom
  2219 | D:4      | Reached skill level 6 in Ranged Weapons
  2219 | D:4      | Reached XP level 6. HP: 30/30 MP: 7/7
  2396 | D:4      | Found an iron altar of Okawaru.
  2687 | D:4      | Found a stormy altar of Qazlal.
  2687 | D:4      | Found a radiant altar of Vehumet.
  2796 | D:4      | Found a glowing drain.
  2797 | D:4      | 2797 ||| RIP SEWER
  2797 | D:4      | 2797 ||| PLANNING OKAWARU WORSHIP
  2797 | D:4      | 2797 ||| READING scroll labelled QOLODATIHO.
  2802 | D:4      | 2802 ||| DRINKING 2 metallic ruby potions.
  2803 | D:4      | 2803 ||| DRINKING 2 emerald potions.
  2874 | D:4      | Became a worshipper of Warmaster Okawaru
  2875 | D:4      | 2875 ||| PLANNING D:1-11
  2908 | D:5      | Entered Level 5 of the Dungeon
  2929 | D:5      | Reached skill level 6 in Dodging
  3137 | D:5      | Reached XP level 7. HP: 35/35 MP: 8/8
  3178 | D:5      | Found Wastracli's Antique Armour Boutique.
  3181 | D:5      | 3181 ||| BUYING slimy robe (142 gold).
  3181 | D:5      | Bought a slimy robe for 142 gold pieces
  3181 | D:5      | Identified the +2 robe of Death's Door {rN+} (You bought it
                  | in a shop on level 5 of the Dungeon)
  3299 | D:5      | Reached * piety under Okawaru
  3311 | D:5      | Reached skill level 1 in Invocations
  3326 | D:5      | 3326 ||| UPGRADING to +2 robe of Death's Door {rN+}.
  3336 | D:5      | 3336 ||| DROPPING +0 robe.
  3337 | D:5      | 3337 ||| READING scroll of identify.
  3337 | D:5      | 3337 ||| IDENTIFYING fizzy blue potion
  3338 | D:5      | 3338 ||| READING scroll labelled JOEMPI ONADOI.
  3339 | D:5      | 3339 ||| READING scroll labelled OGATEG GOUNIFA.
  3440 | D:5      | 3440 ||| DROPPING potion of berserk rage.
  3523 | D:6      | Noticed Maggie
  3524 | D:6      | 3524 ||| INVOKING Heroism.
  3533 | D:6      | Killed Maggie
  3534 | D:6      | Reached skill level 8 in Dodging
  3673 | D:6      | Reached ** piety under Okawaru
  3674 | D:6      | Reached XP level 8. HP: 37/39 MP: 10/10
  3713 | D:6      | Found a staircase to the Ecumenical Temple.
  3725 | D:6      | Reached skill level 3 in Invocations
  3754 | D:6      | Found a hazy altar of Hepliaklqana.
  3798 | D:6      | Noticed Menkaure
  3802 | D:6      | 3802 ||| INVOKING Heroism.
  3803 | D:6      | 3803 ||| INVOKING Heroism.
  3805 | D:6      | Killed Menkaure
  3937 | D:6      | Noticed Grinder
  3938 | D:6      | 3938 ||| INVOKING Heroism.
  3939 | D:6      | Paralysed by Grinder for 4 turns
  3945 | D:6      | Killed Grinder
  3946 | D:6      | Reached skill level 3 in Fighting
  4017 | D:6      | Noticed Jeremiah
  4018 | D:6      | 4018 ||| INVOKING Heroism.
  4033 | D:6      | 4033 ||| INVOKING Heroism.
  4042 | D:6      | Killed Jeremiah
  4043 | D:6      | Reached XP level 9. HP: 35/45 MP: 11/13
  4155 | D:6      | 4155 ||| UPGRADING to +0 steam dragon scales.
  4165 | D:6      | 4165 ||| DROPPING +2 robe of Death's Door {rN+}.
  4166 | D:6      | 4166 ||| READING scroll of enchant armour.
  4166 | D:6      | 4166 ||| ENCHANTING +0 steam dragon scales.
  4167 | D:6      | 4167 ||| UPGRADING to amulet of faith.
  4172 | D:6      | 4172 ||| READING 3 scrolls of identify.
  4172 | D:6      | 4172 ||| IDENTIFYING murky black potion
  4173 | D:6      | 4173 ||| READING 2 scrolls of identify.
  4173 | D:6      | 4173 ||| IDENTIFYING ruby potion
  4174 | D:6      | 4174 ||| READING scroll of identify.
  4174 | D:6      | 4174 ||| IDENTIFYING sapphire potion
  4175 | D:6      | 4175 ||| DROPPING potion of degeneration.
  4176 | D:6      | 4176 ||| DROPPING wand of flame (24).
  4220 | D:7      | Noticed Joseph
  4221 | D:7      | 4221 ||| INVOKING Heroism.
  4227 | D:7      | Killed Joseph
  4228 | D:7      | Reached skill level 10 in Dodging
  4338 | D:7      | Reached skill level 9 in Ranged Weapons
  4430 | D:7      | Reached skill level 1 in Armour
  4487 | D:7      | Found a shadowy altar of Dithmenos.
  4501 | D:7      | Found a transporter.
  4505 | D:7      | Noticed qw's ghost (amateur SpHu)
  4620 | D:7      | Reached *** piety under Okawaru
  4994 | D:7      | 4994 ||| READING 2 scrolls of identify.
  4994 | D:7      | 4994 ||| IDENTIFYING lumpy sapphire potion
  4995 | D:7      | 4995 ||| READING scroll of identify.
  4995 | D:7      | 4995 ||| IDENTIFYING scroll labelled EDEEG NA JAIKK
  4996 | D:7      | 4996 ||| DROPPING scroll of fog.
  5040 | D:8      | 5040 ||| STAIRDANCE
  5053 | D:8      | 5053 ||| STAIRDANCE
  5069 | D:8      | 5069 ||| STAIRDANCE
  5078 | D:8      | 5078 ||| STAIRDANCE
  5146 | D:8      | Reached skill level 11 in Dodging
  5149 | D:8      | Reached **** piety under Okawaru
  5160 | D:8      | 5160 ||| RETREEEEATING.
  5161 | D:8      | 5161 ||| RETREEEEATING.
  5162 | D:8      | 5162 ||| RETREEEEATING.
  5163 | D:8      | 5163 ||| RETREEEEATING.
  5164 | D:8      | 5164 ||| RETREEEEATING.
  5176 | D:8      | Reached XP level 10. HP: 46/49 MP: 14/14
  5267 | D:8      | 5267 ||| RETREEEEATING.
  5271 | D:8      | 5271 ||| RETREEEEATING.
  5272 | D:8      | 5272 ||| RETREEEEATING.
  5273 | D:8      | 5273 ||| RETREEEEATING.
  5274 | D:8      | 5274 ||| RETREEEEATING.
  5275 | D:8      | 5275 ||| RETREEEEATING.
  5276 | D:8      | 5276 ||| RETREEEEATING.
  5295 | D:8      | Reached ***** piety under Okawaru
  5472 | D:8      | Reached skill level 6 in Invocations
  5826 | D:8      | 5826 ||| READING 2 scrolls labelled CUUNOOMUMO.
  5827 | D:8      | 5827 ||| DROPPING scroll of poison.
  5829 | D:8      | 5829 ||| Stepping ~*~*~tactically~*~*~ (cloud).
  5919 | D:9      | 5919 ||| STAIRDANCE
  5938 | D:9      | Reached skill level 12 in Dodging
  5981 | D:9      | Found a glowing golden altar of the Shining One.
  6021 | D:9      | 6021 ||| READING scroll of acquirement.
  6021 | D:9      | 6021 ||| ACQUIRING ring of Naxutowa {rCorr Int+7}
  6021 | D:9      | Acquired the ring of Naxutowa {rCorr Int+7}
  6023 | D:9      | 6023 ||| UPGRADING to ring of Naxutowa {rCorr Int+7}.
  6040 | D:9      | Found a basalt altar of Yredelemnul.
  6307 | D:9      | Received a gift from Okawaru
  6452 | D:9      | Noticed a two-headed ogre
  6453 | D:9      | 6453 ||| INVOKING Finesse.
  6459 | D:9      | Killed a two-headed ogre
  6648 | D:9      | Reached XP level 11. HP: 53/53 MP: 16/18
  6704 | D:9      | Noticed a two-headed ogre
  6705 | D:9      | 6705 ||| INVOKING Finesse.
  6709 | D:9      | Killed a two-headed ogre
  6777 | D:9      | Found a blossoming altar of Fedhas.
  6840 | D:10     | Entered Level 10 of the Dungeon
  6879 | D:10     | Reached skill level 12 in Ranged Weapons
  6879 | D:10     | Received a gift from Okawaru
  6918 | D:10     | Found a staircase to the Lair.
  7068 | D:10     | 7068 ||| READING scroll of enchant armour.
  7068 | D:10     | 7068 ||| ENCHANTING +1 steam dragon scales.
  7075 | D:10     | Noticed a centaur warrior
  7076 | D:10     | 7076 ||| INVOKING Finesse.
  7087 | D:10     | Reached skill level 9 in Invocations
  7088 | D:10     | Killed a centaur warrior
  7313 | D:10     | Noticed a deep elf pyromancer
  7313 | D:10     | Noticed a six-headed hydra
  7314 | D:10     | 7314 ||| INVOKING Finesse.
  7324 | D:10     | Killed a deep elf pyromancer
  7325 | D:10     | Reached skill level 13 in Dodging
  7327 | D:10     | Killed a six-headed hydra
  7437 | D:10     | 7437 ||| READING scroll of enchant armour.
  7437 | D:10     | 7437 ||| ENCHANTING +2 steam dragon scales.
  7449 | D:10     | Noticed a tengu warrior
  7465 | D:10     | 7465 ||| READING scroll of identify.
  7465 | D:10     | 7465 ||| IDENTIFYING bubbling sapphire potion
  7466 | D:10     | 7466 ||| DROPPING potion of brilliance.
  7470 | D:10     | Received a gift from Okawaru
  7475 | D:10     | Noticed a six-headed hydra
  7480 | D:10     | 7480 ||| INVOKING Finesse.
  7486 | D:10     | Killed a six-headed hydra
  7557 | D:10     | 7557 ||| INVOKING Finesse.
  7569 | D:10     | Killed a tengu warrior
  7837 | D:10     | Found Plog's Lightly-Used Armoury.
  7897 | D:10     | Noticed a green ugly thing
  7898 | D:10     | 7898 ||| INVOKING Finesse.
  7911 | D:10     | Killed a green ugly thing
  7911 | D:10     | Received a gift from Okawaru
  8078 | D:10     | 8078 ||| PLANNING LAIR
  8106 | Lair:1   | Entered Level 1 of the Lair of Beasts
  8150 | Lair:1   | Reached XP level 12. HP: 60/60 MP: 20/20
  8224 | Lair:1   | 8224 ||| RETREEEEATING.
  8225 | Lair:1   | 8225 ||| RETREEEEATING.
  8233 | Lair:1   | 8233 ||| RETREEEEATING.
  8234 | Lair:1   | 8234 ||| RETREEEEATING.
  8236 | Lair:1   | 8236 ||| RETREEEEATING.
  8464 | Lair:1   | 8464 ||| RETREEEEATING.
  8465 | Lair:1   | 8465 ||| RETREEEEATING.
  8466 | Lair:1   | 8466 ||| RETREEEEATING.
  8467 | Lair:1   | 8467 ||| RETREEEEATING.
  8468 | Lair:1   | 8468 ||| RETREEEEATING.
  8469 | Lair:1   | 8469 ||| RETREEEEATING.
  8470 | Lair:1   | 8470 ||| RETREEEEATING.
  8471 | Lair:1   | 8471 ||| RETREEEEATING.
  8472 | Lair:1   | 8472 ||| RETREEEEATING.
  8473 | Lair:1   | 8473 ||| RETREEEEATING.
  8475 | Lair:1   | 8475 ||| RETREEEEATING.
  8476 | Lair:1   | 8476 ||| RETREEEEATING.
  8477 | Lair:1   | 8477 ||| RETREEEEATING.
  8478 | Lair:1   | 8478 ||| RETREEEEATING.
  8479 | Lair:1   | 8479 ||| RETREEEEATING.
  8481 | Lair:1   | 8481 ||| RETREEEEATING.
  8482 | Lair:1   | 8482 ||| RETREEEEATING.
  8493 | Lair:1   | Reached skill level 14 in Dodging
  8551 | Lair:1   | 8551 ||| RETREEEEATING.
  8553 | Lair:1   | 8553 ||| RETREEEEATING.
  8555 | Lair:1   | 8555 ||| RETREEEEATING.
  8556 | Lair:1   | 8556 ||| RETREEEEATING.
  8560 | Lair:1   | 8560 ||| RETREEEEATING.
  8563 | Lair:1   | 8563 ||| RETREEEEATING.
  8786 | Lair:1   | 8786 ||| UPGRADING to ring of poison resistance.
  8788 | Lair:1   | 8788 ||| UPGRADING to +4 ring of slaying {mikee}.
  8801 | Lair:2   | 8801 ||| STAIRDANCE
  8872 | Lair:2   | 8872 ||| STAIRDANCE
  8882 | Lair:2   | Received a gift from Okawaru
  8940 | Lair:2   | Noticed a five-headed hydra
  8941 | Lair:2   | 8941 ||| INVOKING Finesse.
  8950 | Lair:2   | Killed a five-headed hydra
  9002 | Lair:2   | 9002 ||| RETREEEEATING.
  9003 | Lair:2   | 9003 ||| RETREEEEATING.
  9004 | Lair:2   | 9004 ||| RETREEEEATING.
  9006 | Lair:2   | 9006 ||| RETREEEEATING.
  9008 | Lair:2   | 9008 ||| RETREEEEATING.
  9009 | Lair:2   | 9009 ||| RETREEEEATING.
  9010 | Lair:2   | 9010 ||| RETREEEEATING.
  9011 | Lair:2   | 9011 ||| RETREEEEATING.
  9012 | Lair:2   | 9012 ||| RETREEEEATING.
  9013 | Lair:2   | 9013 ||| RETREEEEATING.
  9014 | Lair:2   | 9014 ||| RETREEEEATING.
  9015 | Lair:2   | 9015 ||| RETREEEEATING.
  9016 | Lair:2   | 9016 ||| RETREEEEATING.
  9017 | Lair:2   | 9017 ||| RETREEEEATING.
  9018 | Lair:2   | 9018 ||| RETREEEEATING.
  9019 | Lair:2   | 9019 ||| RETREEEEATING.
  9020 | Lair:2   | 9020 ||| RETREEEEATING.
  9021 | Lair:2   | 9021 ||| RETREEEEATING.
  9024 | Lair:2   | 9024 ||| RETREEEEATING.
  9027 | Lair:2   | 9027 ||| RETREEEEATING.
  9028 | Lair:2   | 9028 ||| INVOKING Finesse.
  9053 | Lair:2   | Reached skill level 15 in Dodging
  9476 | Lair:2   | Found a staircase to the Shoals.
  9805 | Lair:2   | 9805 ||| READING 3 scrolls of identify.
  9805 | Lair:2   | 9805 ||| IDENTIFYING brown potion
  9806 | Lair:2   | 9806 ||| READING 2 scrolls of identify.
  9806 | Lair:2   | 9806 ||| IDENTIFYING amethyst potion
  9807 | Lair:2   | 9807 ||| DROPPING potion of lignification.
  9828 | Lair:3   | Noticed Fannar
  9829 | Lair:3   | 9829 ||| RETREEEEATING.
  9831 | Lair:3   | 9831 ||| RETREEEEATING.
  9834 | Lair:3   | 9834 ||| RETREEEEATING.
  9835 | Lair:3   | 9835 ||| INVOKING Finesse.
  9853 | Lair:3   | 9853 ||| RETREEEEATING.
  9854 | Lair:3   | 9854 ||| RETREEEEATING.
  9855 | Lair:3   | 9855 ||| RETREEEEATING.
  9856 | Lair:3   | 9856 ||| RETREEEEATING.
  9857 | Lair:3   | 9857 ||| RETREEEEATING.
  9861 | Lair:3   | 9861 ||| RETREEEEATING.
  9878 | Lair:3   | Reached skill level 6 in Fighting
  9898 | Lair:3   | Killed Fannar
  9947 | Lair:3   | Received a gift from Okawaru
 10182 | Lair:3   | 10182 ||| RETREEEEATING.
 10184 | Lair:3   | 10184 ||| RETREEEEATING.
 10186 | Lair:3   | 10186 ||| RETREEEEATING.
 10198 | Lair:3   | 10198 ||| RETREEEEATING.
 10368 | Lair:3   | Noticed a catoblepas
 10369 | Lair:3   | 10369 ||| INVOKING Finesse.
 10374 | Lair:3   | 10374 ||| Stepping ~*~*~tactically~*~*~ (cloud).
 10378 | Lair:3   | Killed a catoblepas
 10583 | Lair:3   | Found a hole to the Spider Nest.
 10657 | Lair:3   | Noticed a four-headed hydra
 10658 | Lair:3   | 10658 ||| INVOKING Finesse.
 10665 | Lair:3   | Killed a four-headed hydra
 10666 | Lair:3   | Reached skill level 15 in Ranged Weapons
 10666 | Lair:3   | Reached XP level 13. HP: 65/65 MP: 15/21
 10887 | Lair:4   | Noticed Snorg
 10888 | Lair:4   | 10888 ||| INVOKING Finesse.
 10895 | Lair:4   | 10895 ||| INVOKING Heroism.
 10897 | Lair:4   | Killed Snorg
 10941 | Lair:4   | Noticed Josephine
 10942 | Lair:4   | 10942 ||| RETREEEEATING.
 10943 | Lair:4   | 10943 ||| RETREEEEATING.
 10945 | Lair:4   | 10945 ||| RETREEEEATING.
 10953 | Lair:4   | 10953 ||| ZAPPING wand of quicksilver (14) at -1,-2
                  | (Josephine; floor).
 10954 | Lair:4   | 10954 ||| ZAPPING wand of quicksilver (13) at -2,-1
                  | (Josephine; floor).
 10955 | Lair:4   | 10955 ||| INVOKING Finesse.
 10989 | Lair:4   | Killed Josephine
 11017 | Lair:4   | 11017 ||| READING scroll of enchant armour.
 11017 | Lair:4   | 11017 ||| ENCHANTING +3 steam dragon scales.
 11107 | Lair:4   | Reached skill level 16 in Dodging
 11539 | Lair:4   | Received a gift from Okawaru
 11638 | Lair:4   | Noticed Kirke
 11639 | Lair:4   | 11639 ||| INVOKING Finesse.
 11651 | Lair:4   | Killed Kirke
 11975 | Lair:4   | 11975 ||| DROPPING ring of protection from cold.
 11976 | Lair:4   | 11976 ||| DROPPING ring of positive energy.
 11977 | Lair:4   | 11977 ||| DROPPING ring of willpower.
 11978 | Lair:4   | 11978 ||| UPGRADING to +5 ring of evasion.
 11980 | Lair:4   | 11980 ||| DROPPING ring of Naxutowa {rCorr Int+7}.
 11981 | Lair:4   | 11981 ||| UPGRADING to ring of poison resistance.
 12029 | Lair:5   | Entered Level 5 of the Lair of Beasts
 12043 | Lair:5   | 12043 ||| Stepping ~*~*~tactically~*~*~ (cloud).
 12190 | Lair:5   | 12190 ||| RETREEEEATING.
 12191 | Lair:5   | 12191 ||| RETREEEEATING.
 12193 | Lair:5   | 12193 ||| RETREEEEATING.
 12195 | Lair:5   | 12195 ||| RETREEEEATING.
 12197 | Lair:5   | 12197 ||| RETREEEEATING.
 12199 | Lair:5   | 12199 ||| RETREEEEATING.
 12201 | Lair:5   | 12201 ||| RETREEEEATING.
 12203 | Lair:5   | 12203 ||| RETREEEEATING.
 12205 | Lair:5   | 12205 ||| RETREEEEATING.
 12216 | Lair:5   | 12216 ||| RETREEEEATING.
 12217 | Lair:5   | 12217 ||| RETREEEEATING.
 12218 | Lair:5   | 12218 ||| RETREEEEATING.
 12219 | Lair:5   | 12219 ||| RETREEEEATING.
 12220 | Lair:5   | 12220 ||| RETREEEEATING.
 12221 | Lair:5   | 12221 ||| RETREEEEATING.
 12222 | Lair:5   | 12222 ||| RETREEEEATING.
 12223 | Lair:5   | 12223 ||| RETREEEEATING.
 12224 | Lair:5   | 12224 ||| RETREEEEATING.
 12225 | Lair:5   | 12225 ||| RETREEEEATING.
 12226 | Lair:5   | 12226 ||| RETREEEEATING.
 12227 | Lair:5   | 12227 ||| RETREEEEATING.
 12228 | Lair:5   | 12228 ||| RETREEEEATING.
 12229 | Lair:5   | 12229 ||| RETREEEEATING.
 12230 | Lair:5   | 12230 ||| RETREEEEATING.
 12231 | Lair:5   | 12231 ||| RETREEEEATING.
 12232 | Lair:5   | 12232 ||| RETREEEEATING.
 12234 | Lair:5   | 12234 ||| RETREEEEATING.
 12235 | Lair:5   | 12235 ||| RETREEEEATING.
 12237 | Lair:5   | 12237 ||| RETREEEEATING.
 12239 | Lair:5   | 12239 ||| RETREEEEATING.
 12266 | Lair:5   | HP: 16/65 [death yak (19)]
 12267 | Lair:5   | 12267 ||| READING 4 scrolls of teleportation.
 12268 | Lair:5   | 12268 ||| DRINKING 4 potions of heal wounds.
 12271 | Lair:5   | 12271 ||| RETREEEEATING.
 12272 | Lair:5   | 12272 ||| RETREEEEATING.
 12273 | Lair:5   | 12273 ||| RETREEEEATING.
 12276 | Lair:5   | 12276 ||| INVOKING Finesse.
 12315 | Lair:5   | HP: 6/65 [cane toad (20)]
 12316 | Lair:5   | 12316 ||| READING 3 scrolls of teleportation.
 12317 | Lair:5   | 12317 ||| DRINKING 3 potions of heal wounds.
 12342 | Lair:5   | Reached skill level 17 in Dodging
 12509 | Lair:5   | 12509 ||| RETREEEEATING.
 12514 | Lair:5   | 12514 ||| RETREEEEATING.
 12518 | Lair:5   | 12518 ||| RETREEEEATING.
 12520 | Lair:5   | 12520 ||| RETREEEEATING.
 12524 | Lair:5   | 12524 ||| RETREEEEATING.
 12661 | Lair:5   | Noticed a fire dragon
 12666 | Lair:5   | 12666 ||| INVOKING Finesse.
 12692 | Lair:5   | Killed a fire dragon
 12718 | Lair:5   | Received a gift from Okawaru
 12766 | Lair:5   | Got an earthy gem with 523 turns to spare
 12774 | Lair:5   | 12774 ||| DRINKING potion of cancellation.
 13034 | Lair:5   | Reached ****** piety under Okawaru
 13035 | Lair:5   | 13035 ||| INVOKING Receive Weapon.
 13035 | Lair:5   | 13035 ||| ACQUIRING +9 arbalest of Discord {heavy, rElec
                  | rF- rN+ Dex+4}
 13035 | Lair:5   | Acquired the +9 arbalest of Discord {heavy, rElec rF- rN+
                  | Dex+4}
 13035 | Lair:5   | Received a gift from Okawaru
 13036 | Lair:5   | 13036 ||| INVOKING Receive Armour.
 13036 | Lair:5   | 13036 ||| ACQUIRING +1 robe of Vines {NoPotionHeal
                  | Regen++++}
 13036 | Lair:5   | Acquired the +1 robe of Vines {NoPotionHeal Regen++++}
 13036 | Lair:5   | Received a gift from Okawaru
 13036 | Lair:5   | Found the +1 robe of Vines {NoPotionHeal Regen++++}
 13038 | Lair:5   | 13038 ||| SWAPPING to +9 arbalest of Discord {heavy, rElec
                  | rF- rN+ Dex+4}.
 13039 | Lair:5   | 13039 ||| DROPPING +1 orcbow of flaming.
 13065 | Lair:5   | Reached XP level 14. HP: 72/72 MP: 22/22
 13103 | Lair:5   | Reached skill level 18 in Dodging
 13112 | Lair:5   | 13112 ||| RETREEEEATING.
 13113 | Lair:5   | 13113 ||| RETREEEEATING.
 13114 | Lair:5   | 13114 ||| RETREEEEATING.
 13115 | Lair:5   | 13115 ||| RETREEEEATING.
 13116 | Lair:5   | 13116 ||| RETREEEEATING.
 13117 | Lair:5   | 13117 ||| RETREEEEATING.
 13118 | Lair:5   | 13118 ||| RETREEEEATING.
 13119 | Lair:5   | 13119 ||| RETREEEEATING.
 13122 | Lair:5   | 13122 ||| RETREEEEATING.
 13123 | Lair:5   | 13123 ||| RETREEEEATING.
 13124 | Lair:5   | 13124 ||| RETREEEEATING.
 13125 | Lair:5   | 13125 ||| RETREEEEATING.
 13126 | Lair:5   | 13126 ||| RETREEEEATING.
 13127 | Lair:5   | 13127 ||| RETREEEEATING.
 13128 | Lair:5   | 13128 ||| RETREEEEATING.
 13129 | Lair:5   | 13129 ||| RETREEEEATING.
 13130 | Lair:5   | 13130 ||| RETREEEEATING.
 13131 | Lair:5   | 13131 ||| RETREEEEATING.
 13132 | Lair:5   | 13132 ||| RETREEEEATING.
 13140 | Lair:5   | 13140 ||| RETREEEEATING.
 13142 | Lair:5   | 13142 ||| RETREEEEATING.
 13143 | Lair:5   | 13143 ||| RETREEEEATING.
 13145 | Lair:5   | 13145 ||| RETREEEEATING.
 13238 | Lair:5   | 13238 ||| RETREEEEATING.
 13239 | Lair:5   | 13239 ||| RETREEEEATING.
 13248 | Lair:5   | Received a gift from Okawaru
 13371 | Lair:5   | 13371 ||| Stepping ~*~*~tactically~*~*~ (cloud).
 13373 | Lair:5   | 13373 ||| Stepping ~*~*~tactically~*~*~ (cloud).
 13377 | Lair:5   | Reached skill level 19 in Dodging
 13778 | Lair:5   | Found a viscous altar of Jiyva.
 13779 | Lair:5   | Found a staircase to the Slime Pits.
 13875 | Lair:5   | 13875 ||| PLANNING D:1-11
 13875 | Lair:5   | 13875 ||| UPGRADING to +1 robe of Vines {NoPotionHeal
                  | Regen++++}.
 13885 | Lair:5   | 13885 ||| DROPPING +4 steam dragon scales.
 14306 | D:11     | Noticed Maurice
 14309 | D:11     | Killed Maurice
 14578 | D:11     | Found a staircase to the Orcish Mines.
 14860 | D:11     | 14860 ||| INVOKING Finesse.
 14863 | D:11     | Received a gift from Okawaru
 14896 | D:11     | 14896 ||| RETREEEEATING.
 14897 | D:11     | 14897 ||| RETREEEEATING.
 14898 | D:11     | 14898 ||| RETREEEEATING.
 14941 | D:11     | 14941 ||| PLANNING D
 14941 | D:11     | 14941 ||| DROPPING amulet of guardian spirit.
 14942 | D:11     | 14942 ||| DROPPING amulet of magic regeneration.
 14943 | D:11     | 14943 ||| DROPPING ring of ice.
 14944 | D:11     | 14944 ||| DROPPING ring of magical power.
 14945 | D:11     | 14945 ||| READING 4 scrolls of identify.
 14945 | D:11     | 14945 ||| IDENTIFYING scroll labelled PABENU DAFI
 14946 | D:11     | 14946 ||| READING 3 scrolls of identify.
 14946 | D:11     | 14946 ||| IDENTIFYING scroll labelled ZAXIR OLYMPORO
 14947 | D:11     | 14947 ||| DROPPING scroll of immolation.
 14948 | D:11     | 14948 ||| DROPPING scroll of torment.
 14985 | D:12     | Reached skill level 20 in Dodging
 15347 | D:12     | Received a gift from Okawaru
 15917 | D:13     | Received a gift from Okawaru
 15966 | D:13     | 15966 ||| RETREEEEATING.
 16057 | D:13     | Reached skill level 18 in Ranged Weapons
 16057 | D:13     | Reached XP level 15. HP: 58/75 MP: 23/23
 16287 | D:13     | Found a gate to the Vaults.
 16655 | D:14     | You fall into a shaft and drop 1 floor!
 16655 | D:15     | Entered Level 15 of the Dungeon
 16760 | D:15     | 16760 ||| RETREEEEATING.
 16762 | D:15     | 16762 ||| RETREEEEATING.
 16767 | D:15     | Received a gift from Okawaru
 16780 | D:15     | Found a radiant altar of Vehumet.
 16787 | D:15     | 16787 ||| DROPPING scarf of invisibility.
 16799 | D:15     | Engulfed by a cloud of flame

Levels and vault maps discovered:
D:1:      dpeg_arrival_erosion, layout_loops_corners, corexii_corridor_pit,
          grunt_decor_one_mirror, minmay_shallow_snake_nest
D:2:      layout_rooms, corexii_item_surrounded_by_moat, guppyfry_early_orc_mine
D:3:      layout_basic, mainiacjoe_overflow_surrounded_room, serial_shops, shop
D:4:      layout_loops_corners, hellmonk_okawaru_the_only_friend_you_need,
          gammafunk_temple_overflow_statue, portal_sewer_entry_e
D:5:      layout_rooms, serial_shops, nicolae_shop_tiny_real_fake_doors,
          st_stairs_5, kennysheep_cross_room
D:6:      layout_rooms, mainiacjoe_overflow_alcove_2,
          minmay_temple_entry_butterflies, uniq_grinder, uniq_jeremiah,
          uniq_menkaure, uniq_maggie
D:7:      layout_loops_ring, grunt_dithmenos_shadows, gammafunk_ghost_hive,
          uniq_joseph
D:8:      layout_cave_pools
D:9:      layout_roguey, tso_metal_star, kennysheep_mini_moat, fedhas_altar_1,
          patterned_corridor
D:10:     minmay_tri_box, layout_long_grid, grunt_lair_entry_orc_guard_hut,
          enter_bailey_3, minivault_1, minmay_shop_damaged,
          minmay_diamond_spiral
D:11:     layout_stronghold, david_orc_5, laboratory, uniq_maurice
D:12:     layout_long_grid
D:13:     layout_roguey, skrybe_vaults_entry_preservation
D:14:     layout_loops_ring, nicolae_figureground_sparkle
D:15:     vault_1, layout_basic, fiery_altar_vehumet, minmay_strange_pillars,
          uniq_azrael
Lair:1:   layout_chaotic_city, pdpol_lair_neglected_garden,
          cheibrodos_lair_caveside_slide
Lair:2:   layout_gridlike, mainiacjoe_shoals_entry_four_pools,
          cheibrodos_lair_reptile_den
Lair:3:   layout_long_grid, nicolae_spider_entry_orb_guardian, uniq_fannar
Lair:4:   layout_loops_ring, serial_rivers, chequers_serial_rivers_room_b,
          chequers_serial_rivers_micro_a, chequers_serial_rivers_large_a,
          chequers_serial_rivers_small_3, chequers_serial_rivers_micro_c,
          minivault_27, nzn_sisyphean_effort, uniq_josephine, uniq_kirke,
          uniq_snorg
Lair:5:   guppyfry_lair_end_dragon, layout_cave_pods, hangedman_lair_in_review,
          dpeg_slime_entry_corner, lightli_volcano_entry_magma_tube

Skill      XL: |  1  2  3  4  5  6  7  8  9 10 11 12 13 14 15 |
---------------+----------------------------------------------+-----
Dodging        | 3 4 5 6 8 11 12 13 15 17 20 | 20.0
Ranged Weapons | 5 6 7 8 10 11 13 15 16 18 | 18.0
Fighting       | 2 3 4 5 6 7 8 |  8.0
Invocations    | 2 4 8 10 | 10.0
Armour         | 1 2 |  2.0
Stealth        | |  1.5

Action                     |  1- 3 |  4- 6 |  7- 9 | 10-12 | 13-15 || total
---------------------------+-------+-------+-------+-------+-------++-------
   Fire: Shortbow          |   110 |    40 |       |       |       ||   150
         Orcbow            |       |    43 |   203 |   737 |   490 ||  1473
         Arbalest          |       |       |       |       |   306 ||   306
 Invoke: Heroism           |       |       |     6 |       |     1 ||     7
         Finesse           |       |       |       |    12 |     6 ||    18
         Receive Weapon    |       |       |       |       |     1 ||     1
         Receive Armour    |       |       |       |       |     1 ||     1
  Evoke: Wand              |       |       |       |       |     2 ||     2
    Use: Scroll            |     5 |     3 |     9 |     7 |     5 ||    29
         Potion            |       |     2 |       |       |     3 ||     5
 Armour: Robe              |     8 |     6 |     6 |       |    31 ||    51
         Steam dragon scal |       |       |    16 |    79 |    66 ||   161
  Dodge: Dodged            |    27 |    15 |    91 |   436 |   658 ||  1227

Table legend:
 A = Non-vault XP
 B = Vault XP
 C = Vault XP percentage of total XP
 D = Non-vault monster count
 E = Vault monster count
 F = Vault count percentage of total count
                 A         B        C        D         E       F
            +---------+---------+-------+---------+---------+-------
      Total |   68913 |   42374 |  38.1 |     410 |     137 |  25.0
            +---------+---------+-------+---------+---------+-------
        D:1 |      21 |       4 |  16.0 |      12 |       4 |  25.0
        D:2 |      55 |      17 |  23.6 |      21 |       7 |  25.0
        D:3 |      63 |       0 |   0.0 |      18 |       0 |   0.0
        D:4 |     318 |       0 |   0.0 |      18 |       0 |   0.0
        D:5 |     414 |      55 |  11.7 |      12 |       2 |  14.3
        D:6 |     791 |    1189 |  60.1 |      15 |       4 |  21.1
        D:7 |    1123 |     611 |  35.2 |      27 |       2 |   6.9
        D:8 |    3887 |       0 |   0.0 |      43 |       0 |   0.0
        D:9 |    4202 |       0 |   0.0 |      39 |       0 |   0.0
       D:10 |     953 |    7953 |  89.3 |      19 |      21 |  52.5
       D:11 |    4935 |    6276 |  56.0 |      11 |      34 |  75.6
       D:12 |    5655 |       0 |   0.0 |      13 |       0 |   0.0
       D:13 |    5982 |    5745 |  49.0 |      20 |       9 |  31.0
       D:14 |    2598 |       0 |   0.0 |       9 |       0 |   0.0
       D:15 |    3036 |       0 |   0.0 |       4 |       0 |   0.0
     Lair:1 |    4477 |     383 |   7.9 |      21 |       1 |   4.5
     Lair:2 |    4021 |     919 |  18.6 |      18 |       2 |  10.0
     Lair:3 |    5534 |    1554 |  21.9 |      23 |       2 |   8.0
     Lair:4 |    4839 |    5301 |  52.3 |      21 |      10 |  32.3
     Lair:5 |   16009 |   12367 |  43.6 |      46 |      39 |  45.9
            +---------+---------+-------+---------+---------+-------
